 Dungeon Crawl Stone Soup version 0.31-a0-844-gdc52ec4e09 (webtiles) character file.

Game seed: 12903372678294699902

84 Ijustatesigmund the Firebug (level 4, -5/25 HPs)
             Began as a Deep Elf Fire Elementalist on Sept 28, 2023.
             Slain by Sigmund
             ... wielding a +0 scythe
              (7 damage)
             ... on level 3 of the Dungeon.
             The game lasted 00:02:28 (2580 turns).

Ijustatesigmund the Firebug (DEFE)                  Turns: 2580, Time: 00:02:29

Health: -5/25      AC:  2    Str:  4 (5)  XL:     4   Next: 24%
Magic:  12/12      EV: 12    Int: 20 (22) God:
Gold:   82         SH:  0    Dex: 14 (15) Spells: 8/11 levels left

rFire   + . .        e - +0 hand axe
rCold   + . .        (no shield)
rNeg    . . .        a - +0 robe
rPois   +            (no helmet)
rElec   +            (no cloak)
rCorr   +            (no gloves)
SInv    .            (no boots)
Will    .....        (no amulet)
Stlth   ++           (no ring)
HPRegen 0.24/turn    (no ring)
MPRegen 0.13/turn

%: no passive effects
@: brilliant, resistant
A: no striking features
a: no special abilities


You were on level 3 of the Dungeon.
You visited 1 branch of the dungeon, and saw 3 of its levels.

You collected 82 gold pieces.

Inventory:

Hand Weapons
 e - a +0 hand axe (weapon)
Armour
 a - a +0 robe (worn)
Jewellery
 h - a ring of willpower
 q - a ring of wizardry
Scrolls
 c - a scroll of enchant weapon {unknown}
 i - 3 scrolls of fear {unknown}
 j - a scroll of poison {unknown}
 k - a scroll of noise {unknown}
 m - a scroll of identify {unknown}
 n - a scroll of teleportation {unknown}
 r - a scroll of brand weapon {unknown}
 s - a scroll of acquirement {unknown}
Potions
 b - a potion of magic
 d - a potion of lignification {unknown}
 o - a potion of attraction {unknown}
 p - 2 potions of ambrosia


   Skills:
 + Level 1.4 Fighting
 - Level 2.4 Dodging
 - Level 2.4 Stealth
 + Level 4.0 Spellcasting
 + Level 2.4 Conjurations
 + Level 4.0 Fire Magic


You had 8 spell levels left.
You knew the following spells:

 Your Spells              Type           Power      Damage    Failure   Level
a - Foxfire               Conj/Fire      100%       2x1d9     3%          1
b - Scorch                Fire           60%        2d7       3%          2

Your spell library contained the following spells:

 Spells                   Type           Power      Damage    Failure   Level
 Apportation              Tloc           12%        N/A       13%         1
 Necrotise                Necr           24%        1d5       13%         1
 Summon Small Mammal      Summ           24%        N/A       13%         1
 Inner Flame              Hex/Fire       18%        N/A       17%         3
 Volatile Blastmotes      Fire/Tloc      36%        2d13      17%         3
 Flame Wave               Conj/Fire      25%        2d8       34%         4
 Summon Forest            Summ/Tloc      3%         N/A       98%         5
 Eringya's Noxious Bog    Tmut/Pois      3%         4d6       100%        6
 Summon Hydra             Summ           3%         N/A       100%        7


Dungeon Overview and Level Annotations

Branches:
Dungeon (3/15)

Altars:
Ru

Annotations:
D:3 Sigmund


Message History

You are confused.
The foxfire hits Sigmund.
Sigmund is severely wounded.
You're too confused to cast spells.
Unknown command.
It was a potion of ambrosia.
You are more confused.
You feel invigorated.
The foxfire hits Sigmund.
Sigmund is almost dead.
Sigmund points at you and mumbles some strange words.
You are more confused.
Unknown command.
Sigmund casts a spell.
Sigmund flickers and vanishes!
Deactivating autopickup; reactivate with Ctrl-A.
Found 11 gold pieces.
It was a potion of brilliance.
You feel clever all of a sudden.
You're too confused to move!
You feel less invigorated.
You bump into the rock wall.
You hear some strange, mumbled words.
A puff of flame appears from out of thin air!
The puff of flame hits you. Something hits you.
You bump into the rock wall.
Something barely misses you.
You're too confused to move!
You're too confused to move!
Something hits you!
You're too confused to move!
You bump into the rock wall.
Something hits you.
You bump into the rock wall.
You feel less confused. Something hits you!
* * * LOW HITPOINT WARNING * * *
It was a potion of resistance.
You feel protected.
It was a potion of degeneration.
There was something very wrong with that liquid.
You feel weakened.
You feel dopey.
You feel clumsy. Something hits you!
You die...

. . #### #)
#..$ #.# ..#
#..####.#
#...#..#
##...####
####.......#
#.@..#####.##
# #).####
#..#### #
#...# ##....#
# #...
####.## # #.#
#..### ...
##.... ..#
##..# .. #.#.
### ###.


There were no monsters in sight!

Vanquished Creatures
  Terence (D:2)
  2 adders (D:2)
  A worm (D:2)
  3 ball pythons
  A bat (D:1)
  2 endoplasms (D:1)
  3 goblins
  3 hobgoblins (D:2)
  4 jackals (D:2)
  3 quokkas
  7 frilled lizards
  3 kobolds
  5 rats
38 creatures vanquished.

Vanquished Creatures (collateral kills)
  A foxfire (D:2)
1 creature vanquished.

Vanquished Creatures (others)
  105 foxfires
105 creatures vanquished.

Grand Total: 144 creatures vanquished

Notes
Turn   | Place    | Note
-------+----------+-------------------------------------------
     0 | D:1      | Ijustatesigmund the Deep Elf Fire Elementalist began the
                  | quest for the Orb.
     0 | D:1      | Reached XP level 1. HP: 10/10 MP: 6/6
   931 | D:1      | Reached XP level 2. HP: 16/16 MP: 6/8
   934 | D:1      | Learned a level 2 spell: Scorch
  1646 | D:2      | Reached XP level 3. HP: 19/20 MP: 7/10
  1728 | D:2      | Reached skill level 1 in Fighting
  1771 | D:2      | Noticed Terence
  1780 | D:2      | Killed Terence
  1781 | D:2      | Reached XP level 4. HP: 18/25 MP: 3/11
  2466 | D:3      | Found a sacrificial altar of Ru.
  2557 | D:3      | Noticed Sigmund
  2578 | D:3      | HP: 1/25 [something (11)]
  2580 | D:3      | Slain by Sigmund

Illustrated notes

Levels and vault maps discovered:
D:1:      lightli_arrival_statue_moat, layout_basic, st_stairs_4
D:2:      layout_basic, serial_bayou_lagoon_a, uniq_terence
D:3:      layout_rooms, nicolae_overflow_ecumenical_swirl,
          mainiacjoe_overflow_brackets, mainiacjoe_overflow_large_starburst,
          nicolae_ru_the_path_less_chosen, uniq_sigmund

Skill      XL: |  1  2  3  4 |
---------------+-------------+-----
Conjurations   | 2 |  2.4
Fighting       | 1 |  1.4
Fire Magic     | 4 |  4.0
Spellcasting   | 4 |  4.0
Dodging        | |  2.4
Stealth        | |  2.4

Action                     |  1- 3 |  4- 6 || total
---------------------------+-------+-------++-------
   Cast: Foxfire           |    42 |    22 ||    64
         Scorch            |     7 |     4 ||    11
    Use: Potion            |       |     4 ||     4
 Armour: Robe              |     7 |     6 ||    13
  Dodge: Dodged            |     9 |     1 ||    10

Table legend: (Time is in decaauts)
 A = Elapsed time spent in this place.
 B = Non-inter-level travel time spent in this place.
 C = Inter-level travel time spent in this place.
 D = Time resting spent in this place.
 E = Time spent auto-exploring this place.
 F = Levels seen in this place.
 G = Mean time per level.
                   A        B        C        D        E       F      G
               +--------+--------+--------+--------+--------+-----+--------+
         Total |   2585 |   2546 |     39 |    319 |   1953 |   3 |  861.7 |
       Dungeon |   2585 |   2546 |     39 |    319 |   1953 |   3 |  861.7 |
               +--------+--------+--------+--------+--------+-----+--------+

Top non-repeatable levels by time:
     D:1: 1199 daAuts
     D:2: 1192 daAuts
     D:3: 193 daAuts
